Map: [ESL] Inside and Out

Players

Zoun

  • Race: Protoss Protoss
  • Spawn Location: 7:00

Serral - Winner!

  • Race: Zerg Zerg
  • Spawn Location: 1:00

Event: DreamHack SC2 Masters 2022 Atlanta (Offline)

VOD

Have the link to the VOD?

Description

Time

  • Played on: Nov. 19, 2022, 12:50 p.m.
  • Length: 12:26

All games in this series

Show
View Real Time Build Order
Export as new Build Order

Zoun Protoss 

Build Orders:  

Get SALT Encoding   

  12  0:00  Probe  
  13  0:12  Probe  
  14  0:19  Pylon  
  14  0:24  Probe  
  15  0:37  Probe (Chrono Boost)  
  15  0:39  Gateway  
  16  0:46  Probe (Chrono Boost)  
  16  0:49  Assimilator  
  17  0:51  Probe  
  18  1:03  Probe  
  19  1:15  Probe  
  20  1:28  Zealot, Cybernetics Core  
  22  1:35  Pylon  
  22  1:36  Probe  
  23  1:50  Nexus  
  23  1:53  Probe  
  24  1:59  Assimilator  
  24  2:05  Adept (Chrono Boost), Probe  
  27  2:10  Warp Gate  
  27  2:17  Probe  
  27  2:21  Pylon  
  28  2:29  Probe  
  29  2:31  Stalker  
  31  2:41  Robotics Facility  
  31  2:45  Probe  
  32  2:57  Probe  
  33  3:09  Probe (Chrono Boost)  
  33  3:10  Adept  
  33  3:11  Probe (Chrono Boost)  
  37  3:20  Probe (Chrono Boost)  
  37  3:21  Probe (Chrono Boost)  
  37  3:25  Probe (Chrono Boost)  
  37  3:26  Probe (Chrono Boost)  
  37  3:27  Gateway  
  38  3:29  Observer (Chrono Boost)  
  38  3:30  Robotics Bay  
  40  3:35  Probe  
  40  3:37  Probe  
  42  3:47  Warp Prism (Chrono Boost)  
  42  3:48  Probe  
  43  3:50  Probe  
  46  3:58  Adept  
  46  3:59  Pylon  
  46  4:00  Probe  
  49  4:06  Probe  
  50  4:12  Probe  
  51  4:17  Disruptor  
  51  4:21  Gravitic Drive (Chrono Boost)  
  51  4:23  Nexus  
  54  4:25  Probe x2  
  54  4:29  Pylon  
  56  4:33  Adept  
  56  4:34  Adept, Observer  
  60  4:41  Probe x2  
  60  4:44  Assimilator  
  62  4:47  Assimilator  
  62  4:48  Shield Battery  
  62  4:53  Probe  
  62  4:55  Twilight Council  
  62  4:58  Forge, Probe  
  64  5:03  Pylon  
  64  5:05  Probe  
  65  5:08  Observer  
  65  5:10  Probe  
  65  5:13  Gateway  
  66  5:17  Gateway  
  66  5:18  Probe  
  67  5:23  Probe  
  67  5:25  Sentry x2  
  72  5:30  Probe (Chrono Boost), Blink (Chrono Boost), Pylon  
  73  5:36  Probe x2 (Chrono Boost)  
  73  5:38  Protoss Ground Weapons Level 1 (Chrono Boost)  
  73  5:42  Probe (Chrono Boost)  
  76  5:45  Probe x2 (Chrono Boost)  
  76  5:47  Probe (Chrono Boost)  
  79  5:50  Probe (Chrono Boost), Stalker x2  
  79  5:56  Probe x2  
  86  5:59  Assimilator  
  86  6:03  Assimilator  
  86  6:05  Probe  
  86  6:06  Observer  
  86  6:08  Probe x2  
  89  6:13  Gateway  
  89  6:15  Gateway x2  
  89  6:16  Disruptor (Chrono Boost)  
  93  6:18  Probe  
  93  6:26  Stargate  
  93  6:32  Probe, Stargate  
  94  6:36  Pylon  
  94  6:40  Probe x2  
  94  6:42  Observer  
  94  6:43  Pylon  
  96  6:50  Disruptor (Chrono Boost), Gateway  
  96  6:52  Gateway  
  99  6:55  Pylon  
  99  6:58  Stalker x4  
  107  7:01  Photon Cannon  
  107  7:12  Disruptor  
  107  7:14  Stalker x3  
  116  7:18  Charge (Chrono Boost)  
  116  7:27  Stalker x3  
  116  7:28  Stalker  
  124  7:52  Pylon x3  
  124  7:56  Pylon  
  124  8:00  Protoss Ground Weapons Level 2 (Chrono Boost)  
  124  8:10  Stalker x5  
  124  8:11  Stalker x4  
  134  8:33  Stalker  
  134  8:34  Stalker x8  
  140  8:39  Disruptor  
  119  9:02  Stalker x8  
  127  9:13  Stalker  
  127  9:15  Disruptor  
  122  9:24  Nexus  
  122  9:29  Zealot x6  
  122  9:30  Probe  
  132  9:34  Templar Archives  
  132  9:40  Stalker x3  
  138  10:02  Zealot  
  138  10:03  Zealot x5  
  138  10:04  Probe x3  
  153  10:16  Probe  
  153  10:18  Pylon  
  150  10:30  Stalker x2  
  150  10:31  Stalker  
  152  10:36  Pylon  
  152  10:39  Pylon  
  152  10:42  Nexus  
  148  10:44  Zealot x6  
  158  10:55  Observer  
  145  11:04  Zealot x8  
  145  11:11  Stalker  
  157  11:16  Immortal (Chrono Boost)  
  161  11:22  Shield Battery  
  161  11:25  High Templar x4  
  165  11:29  High Templar x3  
  165  11:30  High Templar  
  171  11:33  Archon x3  
  171  11:34  Archon  
  171  11:38  Zealot, Photon Cannon  
  173  11:44  Observer (Chrono Boost)  
  148  11:58  Zealot x5  
  146  12:05  Nexus  
  146  12:07  Pylon  
Show
View Real Time Build Order
Export as new Build Order

Serral Zerg - Winner!

Build Orders: Pool First, Lurkers 

Get SALT Encoding   

  12  0:00  Drone  
  13  0:12  Overlord  
  13  0:16  Drone  
  14  0:30  Drone x2  
  14  0:34  Drone  
  17  0:44  Spawning Pool  
  16  1:06  Hatchery  
  16  1:08  Drone  
  16  1:12  Drone  
  16  1:14  Extractor  
  16  1:17  Drone  
  17  1:31  Zergling x2, Queen  
  20  1:35  Drone  
  21  1:42  Overlord  
  21  1:51  Drone  
  22  2:02  Drone  
  22  2:06  Queen  
  25  2:13  Drone  
  26  2:19  Drone  
  27  2:25  Drone  
  27  2:26  Metabolic Boost  
  28  2:30  Drone  
  28  2:37  Hatchery  
  28  2:41  Drone  
  28  2:42  Drone  
  28  2:43  Drone  
  31  2:50  Queen  
  32  2:59  Overlord  
  32  3:02  Spore Crawler  
  32  3:05  Drone  
  32  3:07  Drone x2  
  32  3:08  Drone  
  36  3:14  Overlord  
  36  3:19  Drone x2  
  38  3:22  Queen  
  38  3:24  Drone  
  41  3:28  Drone  
  41  3:29  Drone  
  41  3:30  Drone  
  44  3:36  Queen  
  44  3:40  Overlord  
  46  3:42  Drone  
  46  3:45  Drone x2  
  49  3:52  Drone  
  49  3:53  Roach Warren  
  49  3:54  Drone  
  50  3:59  Queen  
  50  4:01  Drone  
  53  4:04  Drone  
  54  4:11  Zergling x10  
  54  4:14  Overlord  
  59  4:19  Lair  
  59  4:21  Extractor  
  59  4:22  Extractor  
  57  4:24  Drone x2  
  57  4:26  Overlord  
  57  4:27  Drone  
  57  4:30  Drone  
  62  4:31  Drone  
  62  4:32  Drone  
  62  4:35  Drone  
  64  4:38  Overlord  
  64  4:44  Zergling x4  
  66  4:45  Drone  
  66  4:46  Drone  
  66  4:50  Zergling x2  
  66  4:51  Zergling x2  
  66  4:52  Drone x3  
  72  4:53  Drone  
  72  4:57  Spore Crawler, Overlord  
  72  4:58  Drone  
  72  4:59  Drone  
  74  5:00  Drone  
  75  5:08  Drone x2  
  75  5:09  Extractor, Evolution Chamber  
  75  5:13  Overlord  
  75  5:15  Drone x2  
  75  5:19  Drone  
  75  5:21  Overlord  
  78  5:23  Glial Reconstitution  
  78  5:27  Overseer  
  78  5:29  Overlord  
  78  5:33  Drone x2  
  78  5:35  Zerg Missile Weapons Level 1  
  80  5:36  Drone x3  
  80  5:37  Infestation Pit, Drone  
  80  5:40  Drone x3  
  86  5:46  Drone x5  
  88  5:55  Extractor  
  88  5:56  Extractor  
  86  5:59  Drone x5  
  86  6:00  Drone  
  92  6:05  Roach x3  
  92  6:08  Roach x3  
  104  6:17  Hatchery, Overlord  
  103  6:24  Hive  
  103  6:26  Hydralisk Den  
  103  6:27  Roach x2  
  103  6:30  Overlord  
  103  6:31  Overseer  
  106  6:36  Overlord x2  
  106  6:38  Roach x2  
  110  6:44  Roach x2  
  114  6:48  Overseer  
  114  6:50  Drone x3  
  114  6:51  Drone  
  118  6:55  Drone  
  118  7:00  Drone, Roach  
  118  7:01  Roach x2  
  126  7:02  Zergling x2  
  126  7:03  Zergling x6  
  126  7:06  Overlord  
  130  7:12  Overlord  
  130  7:13  Overlord, Lurker Den  
  128  7:16  Ravager x3  
  128  7:18  Zergling x8  
  128  7:21  Overlord, Extractor  
  134  7:23  Extractor, Overlord  
  134  7:25  Overlord  
  133  7:30  Drone x3  
  133  7:31  Drone x2  
  133  7:32  Zergling x8, Drone  
  133  7:36  Roach  
  145  7:43  Roach x2  
  145  7:44  Roach  
  147  7:46  Viper  
  147  7:48  Viper  
  147  7:50  Ravager  
  147  7:51  Ravager x2  
  156  7:52  Zerg Missile Weapons Level 2  
  156  7:53  Roach x5  
  156  7:56  Roach  
  156  7:57  Roach x2  
  172  8:01  Roach x3  
  178  8:07  Zergling x8  
  178  8:14  Roach x2  
  177  8:21  Roach x2  
  177  8:22  Roach x2  
  179  8:27  Roach x2  
  179  8:29  Overlord x2  
  179  8:31  Roach  
  170  8:42  Roach x8  
  170  8:45  Roach x4  
  170  8:46  Roach x2  
  183  8:49  Roach x3  
  183  8:52  Zergling x2  
  183  8:53  Zergling x4  
  190  8:57  Seismic Spines  
  190  8:58  Grooved Spines  
  190  8:59  Zergling x2  
  190  9:00  Zergling x6  
  190  9:09  Roach x6  
  186  9:13  Roach x3  
  186  9:16  Zergling x2  
  186  9:17  Zergling x4  
  187  9:20  Viper  
  180  9:27  Hydralisk x4  
  187  9:34  Zergling x12  
  195  9:46  Hydralisk x2  
  199  9:54  Adaptive Talons  
  199  9:56  Lurker x3  
  199  10:09  Spore Crawler  
  199  10:10  Muscular Augments, Spine Crawler  
  199  10:11  Spine Crawler  
  199  10:13  Spine Crawler  
  195  10:14  Hydralisk x2  
  195  10:17  Hatchery, Spine Crawler  
  195  10:18  Spine Crawler  
  196  10:26  Hydralisk x3  
  199  10:32  Lurker x2  
  195  10:38  Hydralisk x8  
  195  10:39  Overseer  
  194  10:49  Viper  
  189  10:54  Zergling x16  
  191  11:02  Hydralisk x2  
  191  11:03  Hydralisk  
  192  11:09  Zergling x22  
  194  11:17  Viper  
  196  11:21  Lurker x2  
  196  11:22  Lurker  
  197  11:38  Hydralisk  
  199  11:44  Overseer, Hatchery  
  194  11:48  Hydralisk x3  
  183  11:59  Hydralisk x12  
  196  12:23  Hatchery  
Tags
 
Add a new tag
Caveats
  • Supply blocks, unpowered buildings, or Contaminate may cause inaccurate times.
  • Supply counts are checked every 10 seconds.